 Dungeon Crawl Stone Soup version 0.30-a0-757-ga6a79fd877 (webtiles) character file.

Game seed: 2229530699652449387

37306 jlumianski the Cleaver (level 13, 0/106 HPs)
             Began as a Demonspawn Fighter on Feb 9, 2023.
             Was a High Priest of Qazlal.
             Slain by a boulder beetle (41 damage)
             ... on level 4 of the Lair of Beasts on Feb 10, 2023.
             The game lasted 01:28:57 (14094 turns).

jlumianski the Cleaver (Demonspawn Fighter)        Turns: 14094, Time: 01:28:57

Health: 0/106      AC: 26    Str: 34    XL:     13   Next: 57%
Magic:  0/21       EV:  2    Int: 10    God:    Qazlal [*****.]
Gold:   1133       SH:  0    Dex: 10    Spells: 12/12 levels left

rFire   . . .      SeeInvis +    f - +4 war axe
rCold   + + .      Faith    .    H - +0 kite shield
rNeg    . . .      Spirit   +    O - +7 chain mail of Efriag {rElec rPois rC+}
rPois   +          Reflect  .    (no helmet)
rElec   +          Harm     .    (cloak unavailable)
rCorr   .          Rampage  .    g - +1 pair of gloves
Will    .....                    (no boots) Stlth
                                 A - amulet of guardian spirit
HPRegen 0.37/turn                n - +6 ring of strength
MPRegen 0.17/turn                i - ring of protection from cold

@: sleeping, protected from physical damage, repel missiles
A: slimy green scales 1, demonic guardian 2, demonic magic 1, weakness stinger
3, see invisible, shaggy fur 1, strong 2
a: Renounce Religion, Upheaval, Elemental Force, Disaster Area


You were on level 4 of the Lair of Beasts.
You worshipped Qazlal.
Qazlal was extremely pleased with you.
You visited 4 branches of the dungeon, and saw 16 of its levels.
You also visited: Sewer and Ice Cave.

You collected 1133 gold pieces.

Inventory:

Hand Weapons
 b - the +8 quarterstaff of Durable Punishment {flame, *Slow rF- rC+++ Dex+3}
   (You found it on level 9 of the Dungeon)

   Dex:       It affects your dexterity (+3).
   rF:        It makes you vulnerable to fire.
   rC:        It renders you almost immune to cold.
   *Slow:     It may slow you when you take damage.
 f - a +4 war axe (weapon)
 k - a +0 war axe of electrocution
 y - a +2 whip of flaming
Missiles
 h - 63 poisoned darts (quivered)
 v - 4 throwing nets
 I - 4 curare-tipped darts
Armour
 c - a +0 plate armour
 g - a +1 pair of gloves (worn)
 j - a +0 chain mail
 w - a +2 cloak of willpower
 H - a +0 kite shield (worn)
 J - a scarf of resistance
 O - the +7 chain mail of Efriag (worn) {rElec rPois rC+}
   (You found it on level 3 of the Lair of Beasts)

   rC:        It protects you from cold.
   rElec:     It insulates you from electricity.
   rPois:     It protects you from poison.
Jewellery
 a - a ring of poison resistance
 i - a ring of protection from cold (right hand)
 n - a +6 ring of strength (left hand)
 A - an amulet of guardian spirit (around neck)
 E - a ring of ice
 G - a ring of resist corrosion
Wands
 o - a wand of paralysis (18)
 C - a wand of roots (9)
Scrolls
 m - 4 scrolls of identify
 q - a scroll of fear
 r - 4 scrolls of blinking
 s - 4 scrolls of fog
 t - 4 scrolls of noise
 u - 3 scrolls of poison
 F - 7 scrolls of teleportation
 M - a scroll of amnesia
 N - a scroll of butterflies
Potions
 d - 8 potions of might
 e - 2 potions of cancellation
 l - 8 potions of curing
 p - a potion of brilliance
 x - a potion of attraction
 z - 3 potions of heal wounds
 B - a potion of ambrosia
 D - 4 potions of haste
 K - 3 potions of flight
 L - a potion of lignification


   Skills:
 * Level 11.1 Fighting
 + Level 12.6 Axes
 + Level 1.2(8.1) Maces & Flails
 - Level 2.0 Throwing
 * Level 8.9 Armour
 + Level 3.0 Dodging
 - Level 1.0 Stealth
 + Level 8.6 Shields
 * Level 11.5 Invocations
 * Level 3.2 Evocations


You had 12 spell levels left.
You didn't know any spells.
Your spell library contained the following spells:

 Spells                   Type           Power      Damage    Failure   Level
 Magic Dart               Conj           0%         1d3       97%         1
 Searing Ray              Conj           0%         2d4       99%         2
 Sublimation of Blood     Necr           0%         N/A       99%         2
 Call Canine Familiar     Summ           0%         N/A       100%        3
 Frozen Ramparts          Ice            0%         1d1       100%        3
 Portal Projectile        Hex/Tloc       0%         N/A       100%        3
 Animate Dead             Necr           0%         N/A       100%        4
 Fulminant Prism          Conj/Hex       0%         3d5       100%        4
 Ice Form                 Ice/Tmut       0%         N/A       100%        4
 Leda's Liquefaction      Hex/Erth       0%         N/A       100%        4
 Petrify                  Tmut/Erth      0%         N/A       100%        4
 Summon Ice Beast         Ice/Summ       0%         N/A       100%        4
 Borgnjor's Vile Clutch   Necr/Erth      0%         N/A       100%        5
 Irradiate                Conj/Tmut      0%         3d11      100%        5
 Yara's Violent Unravell  Hex/Tmut       0%         3d3       100%        5
 Death Channel            Necr           0%         N/A       100%        6
 Enfeeble                 Hex            0%         N/A       100%        7


Dungeon Overview and Level Annotations

Branches:
Dungeon (10/15)            Temple (1/1) D:7            Lair (4/5) D:8
  Swamp (0/4) Lair:2       Spider (0/4) Lair:2          Orc (1/2) D:9
  Sewer (visited)           IceCv (visited)
  Slime: Lair:4-5

Altars:
Ashenzari
Cheibriados
Gozag
Hepliaklqana
Nemelex Xobeh
Qazlal
Uskayaw

Shops:
Orc:1 *

Annotations:
D:5 Newt's ghost, novice DsGl
Lair:4 exclusion: oklob plant


Innate Abilities, Weirdness & Mutations

You are partially covered in slimy green scales. (AC +2)
A demonic guardian rushes to your aid.
Spells you cast may paralyse adjacent enemies.
You have a sharp stinger which inflicts weakening toxins.
You have supernaturally acute eyesight. (SInv)
You are covered in fur. (AC +1)
Your muscles are very strong. (Str +8, Int/Dex -2)


Message History

The dream sheep is heavily wounded.
You slash the dream sheep!
The boulder beetle curls into a ball and begins rolling!
The dream sheep bites you but does no damage.
You block the dream sheep's attack.
You slash the dream sheep!
Your tail-slap misses the dream sheep.
The dream sheep is almost dead.
You slash the dream sheep!
You kill the dream sheep!
Qazlal accepts your kill.
You hit the dream sheep. You block the dream sheep's attack.
The dream sheep closely misses you.
You slice the dream sheep!!
You kill the dream sheep!
Qazlal accepts your kill.
You barely miss the dream sheep. The blink frog hits you.
You completely miss the dream sheep.
Your tail-slap misses the dream sheep.
The dream sheep is severely wounded.
You slash the blink frog!
You kill the blink frog!
Qazlal accepts your kill.
The boulder beetle is engulfed in blazing flames.
The dream sheep bites you but does no damage.
Your base Maces & Flails skill increases to level 1!
You barely miss the dream sheep.
The dream sheep is severely wounded.
You slash the dream sheep! You barely miss the dream sheep.
The dream sheep closely misses you. The dream sheep barely misses you. x2
You closely miss the dream sheep.
The dream sheep is severely wounded.
You slash the dream sheep! You hit the boulder beetle. You hit the dream sheep.
You block the boulder beetle's attack.
The boulder beetle stops rolling and uncurls.
The dream sheep bites you but does no damage.
The dream sheep ruffle their wool and motes of dream dust sparkle, to no effect.
The dream sheep shake their wool and sparkle.
You feel drowsy...
You fall asleep.
The dream sheep bites you but does no damage.
The boulder beetle bites you!!!
You die...

#######
#.B°..#
###@Y...##
##.#YY....#
#P.☼Y.....#
###$.....##
#...†....#
##?.!$.###
#....<.#
#...†..#
#....†P#


You could see a boulder beetle and 4 dream sheep.

Vanquished Creatures
  3 hydras
  2 catoblepae (Lair:3)
  A two-headed ogre (D:10)
  5 death yaks
  Sonja (D:10)
  An orc knight (D:9)
  Pikel (D:5)
  A lindwurm (Lair:2)
  A will-o-the-wisp (Lair:2)
  An orc sorcerer (D:9)
  3 elephants
  2 black mambas
  2 torpor snails
  6 cane toads
  2 rime drakes (Lair:1)
  2 komodo dragons (Lair:1)
  3 trolls
  A hornet (D:9)
  13 blink frogs
  2 dream sheep (Lair:4)
  33 yaks
  A vampire (D:9)
  7 wyverns
  5 hogs (Lair:3)
  2 basilisks
  Eustachio (D:4)
  A steam dragon (D:9)
  4 vampire mosquitoes (D:10)
  A warg (D:9)
  An acid dragon (D:10)
  10 water moccasins
  2 black bears
  2 ice beasts (D:5)
  4 orc warriors (D:9)
  A sky beast (D:7)
  9 wolves
  2 ogres (D:5)
  6 centaurs
  2 phantoms (D:6)
  6 kobold brigands
  Blork the orc (D:4)
  A necrophage (D:5)
  13 bullfrogs
  18 wights
  4 killer bees (D:9)
  An elephant simulacrum (IceCv)
  A howler monkey (D:6)
  4 electric eels (D:8)
  2 jellies
  5 hounds
  5 orc priests
  Crazy Yiuf (D:2)
  Ijyb (D:5)
  4 iguanas
  4 orc wizards
  A wolf simulacrum (IceCv)
  9 adders
  13 gnolls
  6 river rats
  2 white imps
  An ufetubus (D:6)
  A worm (D:2)
  3 dart slugs
  19 orcs
  An endoplasm (Sewer)
  6 giant cockroaches
  6 hobgoblins
  5 jackals
  4 quokkas
  11 ball pythons
  5 bats
  4 frilled lizards
  3 goblins (D:2)
  47 kobolds
  29 rats
  4 butterflies
398 creatures vanquished.

Vanquished Creatures (collateral kills)
  Kirke (Lair:4)
  A boulder beetle (Lair:1)
  An ugly thing (IceCv)
  3 elephants (Lair:4)
  A rime drake (Lair:1)
  A polar bear (Lair:4)
  2 blink frogs
  2 yaks (Lair:3)
  A basilisk (Lair:4)
  2 orc warriors
  A centaur (D:9)
  A bullfrog (Lair:4)
  A killer bee (D:9)
  An orc priest (D:10)
  A wolf simulacrum (IceCv)
  4 orcs
  A goblin (D:1)
  A kobold (D:1)
26 creatures vanquished.

Vanquished Creatures (others)
  A human (Lair:4)
  A foxfire (Lair:2)
  29 fungi
  41 plants
72 creatures vanquished.

Grand Total: 496 creatures vanquished

Notes
Turn   | Place    | Note
-------+----------+-------------------------------------------
     0 | D:1      | jlumianski the Demonspawn Fighter began the quest for the
                  | Orb.
     0 | D:1      | Reached XP level 1. HP: 18/18 MP: 1/1
   361 | D:1      | Gained mutation: A weak demonic guardian rushes to your
                  | aid. [demonic ancestry]
   361 | D:1      | Reached XP level 2. HP: 22/24 MP: 2/2
   558 | D:1      | Reached skill level 2 in Axes
  1039 | D:2      | Gained mutation: You have a small tail. [demonic ancestry]
  1039 | D:2      | Reached XP level 3. HP: 29/29 MP: 3/3
  1407 | D:3      | Reached XP level 4. HP: 30/35 MP: 4/4
  1408 | D:3      | Reached skill level 3 in Axes
  1425 | D:3      | Found a glowing drain.
  1448 | Sewer    | Entered a sewer
  1609 | Sewer    | Gained mutation: You are partially covered in slimy green
                  | scales. (AC +2) [demonic ancestry]
  1609 | Sewer    | Reached XP level 5. HP: 29/41 MP: 5/5
  1811 | Sewer    | Reached skill level 4 in Axes
  2031 | Sewer    | Gained mutation: You occasionally lose the ability to drink
                  | potions when taking damage. [potion of mutation]
  2031 | Sewer    | Gained mutation: You have supernaturally acute eyesight.
                  | (SInv) [potion of mutation]
  2031 | Sewer    | Gained mutation: Armour fits poorly on your strangely
                  | shaped body. [potion of mutation]
  2031 | Sewer    | Gained mutation: You have a pair of small horns on your
                  | head. [potion of mutation]
  2032 | Sewer    | Lost mutation: You have a pair of small horns on your head.
                  | [potion of mutation]
  2032 | Sewer    | Lost mutation: Armour fits poorly on your strangely shaped
                  | body. [potion of mutation]
  2032 | Sewer    | Gained mutation: You are frail. (-10% HP) [potion of
                  | mutation]
  2032 | Sewer    | Gained mutation: You have an increased reservoir of magic.
                  | (+10% MP) [potion of mutation]
  2033 | Sewer    | Lost mutation: You have an increased reservoir of magic.
                  | (+10% MP) [potion of mutation]
  2033 | Sewer    | Lost mutation: You are frail. (-10% HP) [potion of
                  | mutation]
  2033 | Sewer    | Gained mutation: You have sharp toenails. [potion of
                  | mutation]
  2033 | Sewer    | Gained mutation: You are covered in fur. (AC +1) [potion of
                  | mutation]
  2033 | Sewer    | Gained mutation: You have a pair of small horns on your
                  | head. [potion of mutation]
  2033 | Sewer    | Gained mutation: Your mind is acute. (Int +4, Str/Dex -1)
                  | [potion of mutation]
  2724 | D:2      | Found a runed translucent door.
  2725 | D:2      | Noticed Crazy Yiuf
  2731 | D:2      | Killed Crazy Yiuf
  2732 | D:2      | Gained mutation: A demonic guardian rushes to your aid.
                  | [demonic ancestry]
  2732 | D:2      | Reached XP level 6. HP: 14/48 MP: 6/6
  3884 | D:4      | Reached skill level 1 in Dodging
  4062 | D:4      | Noticed Eustachio
  4078 | D:4      | Killed Eustachio
  4079 | D:4      | Reached skill level 5 in Axes
  4079 | D:4      | Reached XP level 7. HP: 53/53 MP: 7/7
  4490 | D:4      | Noticed Blork the orc
  4498 | D:4      | Killed Blork the orc
  4499 | D:4      | Reached skill level 1 in Throwing
  4646 | D:5      | Entered Level 5 of the Dungeon
  4767 | D:5      | Found a transporter.
  4769 | D:5      | Noticed Newt's ghost (novice DsGl)
  4785 | D:5      | Found a transporter.
  4849 | D:5      | Noticed Pikel
  4863 | D:5      | Killed Pikel
  4864 | D:5      | Reached skill level 6 in Axes
  4864 | D:5      | Reached skill level 5 in Armour
  4864 | D:5      | Reached XP level 8. HP: 61/61 MP: 8/8
  5134 | D:5      | Reached skill level 7 in Axes
  5134 | D:5      | Reached skill level 1 in Stealth
  5145 | D:5      | Noticed Ijyb
  5155 | D:5      | Killed Ijyb
  5274 | D:5      | Found a stormy altar of Qazlal.
  5287 | D:5      | Became a worshipper of Qazlal Stormbringer
  5348 | D:5      | Reached skill level 5 in Fighting
  5450 | D:6      | Reached skill level 1 in Invocations
  5559 | D:6      | Reached XP level 9. HP: 66/68 MP: 10/10
  5825 | D:6      | Found a faded altar of an unknown god.
  5825 | D:6      | Found a faded altar of an unknown god.
  5827 | D:6      | Found a hazy altar of Hepliaklqana.
  6052 | D:7      | Found a staircase to the Ecumenical Temple.
  6074 | Temple   | Entered the Ecumenical Temple
  6266 | Temple   | Reached * piety under Qazlal
  6294 | Temple   | Reached skill level 8 in Axes
  6702 | D:7      | Found an opulent altar of Gozag.
  6757 | D:7      | Reached ** piety under Qazlal
  6885 | D:7      | Found a sparkling altar of Nemelex Xobeh.
  6912 | D:7      | Reached skill level 5 in Invocations
  7156 | D:8      | Found a hide-covered altar of Uskayaw.
  7354 | D:8      | Gained mutation: You have a tail ending in a sharp stinger.
                  | [demonic ancestry]
  7354 | D:8      | Reached XP level 10. HP: 75/76 MP: 12/14
  7445 | D:8      | Found a staircase to the Lair.
  8166 | D:9      | Reached skill level 9 in Axes
  8166 | D:9      | Reached skill level 5 in Shields
  8319 | D:9      | Identified the +8 quarterstaff of Durable Punishment
                  | {flame, *Slow rF- rC+++ Dex+3}
  8356 | D:10     | Entered Level 10 of the Dungeon
  8356 | D:10     | Noticed Sonja
  8800 | D:9      | Noticed a five-headed hydra
  8823 | D:9      | Killed a five-headed hydra
  9146 | D:9      | Found a staircase to the Orcish Mines.
  9579 | D:10     | Gained mutation: Spells you cast may paralyse adjacent
                  | enemies. [demonic ancestry]
  9579 | D:10     | Reached XP level 11. HP: 79/86 MP: 16/16
  9585 | D:10     | Noticed a two-headed ogre
  9594 | D:10     | Killed a two-headed ogre
  9668 | D:10     | Reached skill level 10 in Axes
  9751 | D:10     | Killed Sonja
  9796 | Orc:1    | Entered Level 1 of the Orcish Mines
  9796 | Orc:1    | Noticed an orc sorcerer
  9796 | Orc:1    | Found Omodd's Assorted Antiques.
  9811 | D:9      | Killed an orc sorcerer
 10012 | D:9      | Reached *** piety under Qazlal
 10101 | Orc:1    | Noticed an orc knight
 10158 | D:9      | Killed an orc knight
 10275 | Orc:1    | Noticed an orc sorcerer
 10276 | Orc:1    | Noticed an orc knight
 10325 | Lair:1   | Entered Level 1 of the Lair of Beasts
 10330 | Lair:1   | Noticed a boulder beetle
 10341 | Lair:1   | Found a frozen archway.
 10354 | Lair:1   | Killed a boulder beetle
 10364 | IceCv    | Entered an ice cave
 10364 | IceCv    | Noticed a white ugly thing
 10376 | IceCv    | Killed a white ugly thing
 10527 | IceCv    | Found a transporter.
 10531 | IceCv    | Noticed a white ugly thing
 10535 | IceCv    | Found a transporter.
 10619 | Lair:1   | Noticed a four-headed hydra
 10639 | Lair:1   | Killed a four-headed hydra
 10677 | Lair:1   | Identified the +1 robe of Death's Door {rC- MP+9 Dex+4}
 11007 | Lair:1   | Reached skill level 11 in Axes
 11020 | Lair:1   | Gained mutation: You have a sharp stinger which inflicts
                  | weakening toxins. [demonic ancestry]
 11020 | Lair:1   | Reached XP level 12. HP: 83/95 MP: 15/18
 11620 | Lair:2   | Reached **** piety under Qazlal
 11913 | Lair:3   | Noticed a catoblepas
 11989 | Lair:2   | Reached skill level 10 in Invocations
 12017 | Lair:2   | Reached skill level 10 in Fighting
 12161 | Lair:2   | Found a hole to the Spider Nest.
 12167 | Lair:2   | Lost mutation: You occasionally lose the ability to drink
                  | potions when taking damage. [potion of mutation]
 12167 | Lair:2   | Lost mutation: You have sharp toenails. [potion of
                  | mutation]
 12167 | Lair:2   | Lost mutation: Your mind is acute. (Int +4, Str/Dex -1)
                  | [potion of mutation]
 12167 | Lair:2   | Gained mutation: Your muscles are strong. (Str +4, Int/Dex
                  | -1) [potion of mutation]
 12167 | Lair:2   | Gained mutation: Your muscles are very strong. (Str +8,
                  | Int/Dex -2) [potion of mutation]
 12167 | Lair:2   | Lost mutation: You have a pair of small horns on your head.
                  | [potion of mutation]
 12318 | Lair:2   | Found a staircase to the Swamp.
 12835 | Lair:4   | Noticed Kirke
 12835 | Lair:4   | Noticed a five-headed hydra
 12915 | Lair:3   | Noticed a catoblepas
 12927 | Lair:3   | Killed a catoblepas
 13009 | Lair:3   | Reached skill level 12 in Axes
 13011 | Lair:3   | Found a snail-covered altar of Cheibriados.
 13251 | Lair:3   | Identified the +7 chain mail of Efriag {rElec rPois rC+}
 13295 | Lair:3   | Killed a catoblepas
 13295 | Lair:3   | Reached ***** piety under Qazlal
 13296 | Lair:3   | Reached XP level 13. HP: 81/104 MP: 17/21
 13405 | Lair:3   | Reached skill level 1 in Evocations
 14047 | Lair:4   | Killed Kirke
 14092 | Lair:4   | Reached skill level 1 in Maces & Flails
 14094 | Lair:4   | Slain by a boulder beetle

Illustrated notes

Levels and vault maps discovered:
D:1:      wander_arrival_estate, layout_basic, hangedman_feature_mirror
D:2:      layout_loops_corners, serial_bayou_pond_a, uniq_crazy_yiuf_cottage
D:3:      layout_loops_corners, portal_sewer_entry_e, dreamdust_wishing_well,
          grunt_ministairs_12, hangedman_decor_opposing
D:4:      layout_loops_ring, mainiacjoe_overflow_small_starburst,
          uniq_blork_the_orc, uniq_eustachio
D:5:      layout_basic, nicolae_qazlal_eye_of_the_storm, gammafunk_ghost_smash,
          uniq_pikel, uniq_ijyb
D:6:      layout_cave_pools, nicolae_hepliaklqana_ecumenical_no_more
D:7:      layout_gridville, mainiacjoe_overflow_alcove_1,
          grunt_gozag_breadcrumbs, minmay_temple_entry_slanted, minmay_holes
D:8:      layout_loops_ring, eat_drink_and_be_merry_uskayaw, erik_lair_island,
          chequers_serial_rivers_micro_a
D:9:      layout_irregular_city, orc_0_dummy, minmay_diced_spiral
D:10:     layout_rooms, minmay_lizard_king, uniq_sonja
Temple:   nicolae_temple_elliptical
Lair:1:   layout_loops_ring, portal_ice_cave_rime, lemuel_fruit_fields,
          grunt_megastairs_4, serial_bayou_shore_a, serial_bayou_shore_b
Lair:2:   layout_loops_ring, minmay_swamp_entry_wisps, dummy_spider_entry,
          cheibrodos_lair_reptile_den, lemuel_fruit_fields, lemuel_fruit_fields,
          lemuel_fruit_tree
Lair:3:   layout_long_grid, basic_altar, serial_bayou_pond_d, wad_woods_road_03,
          serial_bayou_shore_b
Lair:4:   layout_hall_layers, uniq_kirke
Orc:1:    layout_caves, basic_altar, serial_shops, shop, shop

Skill      XL: |  1  2  3  4  5  6  7  8  9 10 11 12 13 |
---------------+----------------------------------------+-----
Axes           | 2 3 4 5 6 7 8 9 11 12 | 12.6
Armour         | 3 4 5 6 7 8 |  8.9
Shields        | 3 4 5 6 8 |  8.6
Dodging        | 1 2 3 |  3.0
Fighting       | 4 5 6 7 9 10 11 | 11.1
Throwing       | 1 2 |  2.0
Stealth        | 1 |  1.0
Invocations    | 2 5 7 9 10 11 | 11.5
Evocations     | 3 |  3.2
Maces & Flails | 1 |  1.2

Action                     |  1- 3 |  4- 6 |  7- 9 | 10-12 | 13-15 || total
---------------------------+-------+-------+-------+-------+-------++-------
  Melee: War axe           |    89 |   154 |   208 |   468 |    76 ||   995
         Tailslap          |     2 |    20 |    32 |    83 |     9 ||   146
         Kick              |       |    23 |    69 |   110 |       ||   202
         Headbutt          |       |    13 |    42 |    71 |       ||   126
         Whip              |       |       |       |    12 |     3 ||    15
  Throw: Dart              |       |    13 |     4 |    11 |       ||    28
 Invoke: Upheaval          |       |       |       |     6 |     1 ||     7
         Elemental Force   |       |       |       |     1 |     1 ||     2
  Evoke: Wand              |       |       |       |     4 |       ||     4
    Use: Scroll            |     5 |       |    12 |     5 |       ||    22
         Potion            |       |     8 |     1 |     4 |       ||    13
   Stab: Paralysed         |       |       |       |     4 |     3 ||     7
 Armour: Scale mail        |     7 |       |       |       |       ||     7
         Chain mail        |    47 |    85 |   144 |    28 |    56 ||   360
         Plate armour      |       |       |       |   279 |       ||   279
  Dodge: Dodged            |    37 |    69 |    93 |   133 |    38 ||   370
  Block: Buckler           |    29 |    40 |    56 |       |       ||   125
         Kite shield       |       |       |    32 |   417 |    92 ||   541

Table legend: (Time is in decaauts)
 A = Elapsed time spent in this place.
 B = Non-inter-level travel time spent in this place.
 C = Inter-level travel time spent in this place.
 D = Time resting spent in this place.
 E = Time spent auto-exploring this place.
 F = Levels seen in this place.
 G = Mean time per level.
                   A        B        C        D        E       F      G
               +--------+--------+--------+--------+--------+-----+--------+
         Total |  14393 |  14235 |    158 |   1347 |   7248 |  18 |  799.6 |
       Dungeon |   9269 |   9143 |    126 |    431 |   5316 |  10 |  926.9 |
        Temple |    521 |    521 |      0 |    418 |      0 |   1 |  521.0 |
          Lair |   3604 |   3572 |     32 |    214 |   1859 |   4 |  901.0 |
  Orcish Mines |    167 |    167 |      0 |      0 |     67 |   1 |  167.0 |
         Sewer |    619 |    619 |      0 |    139 |      5 |   1 |  619.0 |
      Ice Cave |    211 |    211 |      0 |    145 |      0 |   1 |  211.0 |
               +--------+--------+--------+--------+--------+-----+--------+

Top non-repeatable levels by time:
     D:9: 1674 daAuts
  Lair:3: 1344 daAuts
     D:3: 1256 daAuts
     D:2: 1233 daAuts
  Lair:2: 1140 daAuts
  Lair:1: 1042 daAuts
     D:8: 1007 daAuts
     D:1: 835 daAuts
     D:4: 833 daAuts
     D:5: 788 daAuts
     D:7: 631 daAuts
     D:6: 620 daAuts
   Sewer: 619 daAuts
  Temple: 521 daAuts
    D:10: 388 daAuts
